 Dungeon Crawl Stone Soup version 0.29.0-10-g45618ea6d2 (webtiles) character file.

Game seed: 3237258576954948513

15842 robertstho the Grappler (level 12, -1/63 HPs)
             Began as a Vine Stalker Berserker on Sept 1, 2022.
             Was an Elder of Trog.
             Slain by a fire elemental (4 damage)
             ... summoned by a deep elf pyromancer
             ... on level 12 of the Dungeon.
             The game lasted 00:15:03 (8560 turns).

robertstho the Grappler (Vine Stalker Berserker)    Turns: 8560, Time: 00:15:05

Health: -1/63      AC: 28    Str: 25    XL:     12   Next: 31%
Magic:  0/13       EV:  8    Int:  7    God:    Trog [****..]
Gold:   678        SH:  0    Dex: 14    Spells: 11/11 levels left

rFire   . . .      SeeInvis .     - Unarmed
rCold   . . .      Faith    .   (no shield)
rNeg    . . .      Spirit   +   y - +0 plate armour
rPois   .          Reflect  .   l - +2 hat
rElec   .          Harm     .   K - +0 cloak
rCorr   .          Rampage  .   B - +2 pair of gloves
Will    +....                   (no boots)
Stlth   ..........              A - amulet of regeneration
HPRegen 1.80/turn               h - +4 ring of protection
MPRegen 0.13/turn               C - +4 ring of protection

@: on berserk cooldown, slowed, very slow
A: fangs 3, regeneration 1, magic shield, antimagic bite, no potion heal 2
a: Renounce Religion, Berserk, Trog's Hand, Brothers in Arms


You were on level 12 of the Dungeon.
You worshipped Trog.
Trog was greatly pleased with you.
You visited 1 branch of the dungeon, and saw 12 of its levels.

You collected 813 gold pieces.
You spent 135 gold pieces at shops.

Inventory:

Missiles
 z - a throwing net (quivered)
Armour
 l - a +2 hat (worn)
 y - a +0 plate armour (worn)
 B - a +2 pair of gloves (worn)
 K - a +0 cloak (worn)
Jewellery
 e - a ring of resist corrosion
 h - a +4 ring of protection (left hand)
 s - a ring of see invisible
 u - a ring of ice
 A - an amulet of regeneration (around neck)
 C - a +4 ring of protection (right hand)
Wands
 g - a wand of quicksilver (7)
 D - a wand of digging (6)
 G - a wand of iceblast (9)
 J - a wand of charming (8)
Scrolls
 c - a scroll of enchant weapon
 j - 6 scrolls of vulnerability
 k - 2 scrolls of poison
 m - 3 scrolls of identify
 p - a scroll of noise
 q - 7 scrolls of teleportation
 t - 3 scrolls of fear
 x - 4 scrolls of enchant armour
 F - 2 scrolls of fog
 H - a scroll of silence
 L - a scroll of magic mapping
Potions
 a - a potion of haste {unknown}
 b - 5 potions of lignification {unknown}
 d - 2 potions of berserk rage
 f - 4 potions of resistance {unknown}
 i - 2 potions of might {unknown}
 n - 2 potions of brilliance {unknown}
 o - 3 potions of flight
 r - 3 potions of curing
 v - 2 potions of invisibility
 I - 2 potions of mutation


   Skills:
 * Level 7.6 Fighting
 * Level 9.0 Armour
 + Level 2.4 Dodging
 * Level 9.8 Stealth
 + Level 13.0 Unarmed Combat
 + Level 0.2 Evocations


You had 11 spell levels left.
You didn't know any spells.
Your spell library was empty.

Dungeon Overview and Level Annotations

Branches:
Dungeon (12/15)            Temple (0/1) D:7            Lair (0/5) D:9
    Orc (0/2) D:9

Altars:
Cheibriados
Fedhas
Gozag
Nemelex Xobeh
Okawaru
Ru
Vehumet
Zin

Shops:
D:3 [(   D:5 *   D:7 !


Innate Abilities, Weirdness & Mutations

You have razor-sharp teeth.
Your natural rate of healing is unusually fast.
When hurt, damage is shared between your health and your magic reserves.
Your bite disrupts and absorbs the magic of your enemies.
Potions cannot restore your health.


Message History

You are exhausted.
You feel yourself slow down.
There is an open door here.
You close the door.
You start resting.
HP restored.
You open the door. The fire elemental hits you. The fire elemental burns you!
You punch the fire elemental! You bite the fire elemental! You drain its power.
The fire elemental is almost destroyed.
The fire elemental hits you.
The deep elf pyromancer points at you and mumbles some strange words.
The bolt of fire hits the fire elemental.
The fire elemental completely resists.
The bolt of fire misses you.
You closely miss the fire elemental. You punch the fire elemental.
You destroy the fire elemental!
The fire elemental disappears in a puff of smoke!
The deep elf pyromancer casts a spell at you.
The bolt of fire hits you!!!
Ouch! That really hurt!
The deep elf pyromancer mumbles some strange words.
The deep elf pyromancer gestures wildly while chanting.
There is an open door here.
The fire elemental completely misses you.
The fire elemental hits you. The fire elemental burns you!
The fire elemental hits you.
The deep elf pyromancer points at you and mumbles some strange words.
The sticky flame misses you. The fire elemental hits you.
The fire elemental burns you!
The deep elf pyromancer gestures at you while chanting.
The bolt of fire hits you!!
* * * LOW HITPOINT WARNING * * *
The fire elemental hits you. The fire elemental burns you!
* * * LOW HITPOINT WARNING * * *
As you read the scroll labelled VYBE WIPSUSUSO, it crumbles to dust.
You hear a loud clanging noise!
It was a scroll of noise.
You hear a shout! x3
The fire elemental hits you. The fire elemental burns you!
* * * LOW HITPOINT WARNING * * *
The fire elemental hits you. x2; The fire elemental burns you!
You die...

...................†..........
#####...##########.###########
#...# #.# #...##########.#
###..............## #####
..................(.. .....
..##########'###..... .....
############E####.... .....
#### #°E@####... ..... ##
####.#####... .....
#.##.##.##e##:##... .....
#....eE)☼○○☼..# ... .....
#[##.##)##.##.# .. .....
####.##.# ..... #...### #####
##### ####


You could see a deep elf pyromancer and 2 fire elementals.

Vanquished Creatures
  A frost giant (D:12)
  3 centaur warriors (D:12)
  3 two-headed ogres
  A deep elf archer (D:12)
  An ugly thing (D:12)
  2 cyclopes (D:12)
  Maurice (D:8)
  A kobold demonologist (D:10)
  4 trolls
  A hornet (D:9)
  2 slime creatures (D:12)
  A yak (shapeshifter) (D:12)
  3 wraiths
  12 yaks
  2 wyverns
  2 vampires
  3 vampire mosquitoes (D:12)
  Menkaure (D:7)
  An ice beast (D:6)
  6 orc warriors
  2 black bears
  3 ogres (D:6)
  A boggart (D:12)
  3 centaurs
  3 kobold brigands
  A necrophage (D:7)
  6 scorpions
  2 gnoll sergeants
  5 wights (D:9)
  8 killer bees
  2 vampire bats (D:4)
  A howler monkey (D:6)
  4 hounds
  3 jellies
  8 orc priests
  4 iguanas
  10 orc wizards
  15 gnolls
  7 adders
  2 white imps
  3 worms
  3 dart slugs
  40 orcs
  3 endoplasms
  2 giant cockroaches
  7 goblins
  2 hobgoblins
  8 jackals
  3 ball pythons
  11 bats
  2 frilled lizards (D:3)
  19 kobolds
  6 rats
250 creatures vanquished.

Vanquished Creatures (collateral kills)
  A deep elf pyromancer (D:12)
1 creature vanquished.

Grand Total: 251 creatures vanquished

Notes
Turn   | Place    | Note
-------+----------+-------------------------------------------
     0 | D:1      | robertstho the Vine Stalker Berserker began the quest for
                  | the Orb.
     0 | D:1      | Reached XP level 1. HP: 11/11 MP: 2/2
   503 | D:1      | Reached XP level 2. HP: 7/16 MP: 1/3
  1579 | D:2      | Reached skill level 1 in Stealth
  1579 | D:2      | Reached XP level 3. HP: 16/20 MP: 4/4
  1774 | D:2      | Found a faded altar of an unknown god.
  2072 | D:3      | Found Wiclon's Antique Armour Shop.
  2329 | D:3      | Found an iron altar of Okawaru.
  2664 | D:3      | Gained mutation: Your natural rate of healing is unusually
                  | fast. [Vine Stalker growth]
  2664 | D:3      | Reached XP level 4. HP: 23/24 MP: 3/5
  2815 | D:3      | Found Hueg Esiukk's Weapon Boutique.
  3166 | D:4      | Reached ** piety under Trog
  3255 | D:4      | Reached skill level 4 in Unarmed Combat
  3255 | D:4      | Reached XP level 5. HP: 28/28 MP: 4/6
  3312 | D:4      | Noticed a black bear
  3318 | D:4      | Killed a black bear
  3319 | D:4      | Reached XP level 6. HP: 33/33 MP: 7/7
  3605 | D:5      | Entered Level 5 of the Dungeon
  3638 | D:5      | Reached XP level 7. HP: 37/37 MP: 8/8
  3651 | D:5      | Reached skill level 5 in Unarmed Combat
  4029 | D:5      | Found Atonn's Overcharged Wands.
  4177 | D:5      | Found an opulent altar of Gozag.
  4231 | D:5      | Found a glowing silver altar of Zin.
  4267 | D:6      | Reached skill level 6 in Unarmed Combat
  4267 | D:6      | Gained mutation: You have razor-sharp teeth. [Vine Stalker
                  | growth]
  4267 | D:6      | Reached XP level 8. HP: 42/42 MP: 9/9
  4620 | D:6      | Reached skill level 7 in Unarmed Combat
  4633 | D:6      | Reached skill level 5 in Armour
  4678 | D:6      | Reached skill level 5 in Stealth
  5081 | D:6      | Reached *** piety under Trog
  5082 | D:6      | Reached XP level 9. HP: 46/46 MP: 10/10
  5210 | D:7      | Noticed Menkaure
  5216 | D:7      | Killed Menkaure
  5217 | D:7      | Reached skill level 5 in Fighting
  5248 | D:7      | Found Guxaokam's Distillery.
  5252 | D:7      | Bought a potion of degeneration for 15 gold pieces
  5252 | D:7      | Bought a potion of mutation for 120 gold pieces
  5281 | D:7      | Found a staircase to the Ecumenical Temple.
  5307 | D:7      | Reached skill level 8 in Unarmed Combat
  5938 | D:8      | Noticed Maurice
  5955 | D:8      | Killed Maurice
  5956 | D:8      | Reached skill level 9 in Unarmed Combat
  5956 | D:8      | Reached XP level 10. HP: 53/53 MP: 11/11
  6071 | D:8      | Found a sacrificial altar of Ru.
  6123 | D:8      | Reached **** piety under Trog
  6260 | D:8      | Found a sparkling altar of Nemelex Xobeh.
  6522 | D:9      | Identified the +4 scale mail of Rudat {*Slow Dex+5}
  6789 | D:9      | Found a staircase to the Orcish Mines.
  6807 | D:9      | Reached skill level 10 in Unarmed Combat
  6831 | D:9      | Noticed a two-headed ogre
  6840 | D:9      | Killed a two-headed ogre
  6968 | D:9      | Found a staircase to the Lair.
  7069 | D:10     | Entered Level 10 of the Dungeon
  7187 | D:10     | Reached XP level 11. HP: 58/58 MP: 12/12
  7497 | D:10     | Reached skill level 11 in Unarmed Combat
  7643 | D:10     | Found a radiant altar of Vehumet.
  7643 | D:10     | Found a blossoming altar of Fedhas.
  7883 | D:11     | Reached ***** piety under Trog
  8113 | D:11     | Found a snail-covered altar of Cheibriados.
  8175 | D:12     | Noticed a two-headed ogre
  8182 | D:12     | Killed a two-headed ogre
  8284 | D:12     | Noticed a two-headed ogre
  8293 | D:12     | Killed a two-headed ogre
  8346 | D:12     | Noticed a cyclops
  8373 | D:12     | Reached skill level 12 in Unarmed Combat
  8385 | D:12     | Killed a cyclops
  8437 | D:12     | Noticed a cyan ugly thing
  8448 | D:12     | Killed a cyan ugly thing
  8473 | D:12     | Noticed a deep elf pyromancer
  8473 | D:12     | Noticed a centaur warrior
  8474 | D:12     | Noticed a deep elf archer
  8476 | D:12     | Noticed a cyclops
  8480 | D:12     | Killed a deep elf pyromancer
  8485 | D:12     | Killed a cyclops
  8485 | D:12     | Killed a centaur warrior
  8486 | D:12     | Reached XP level 12. HP: 36/63 MP: 7/13
  8496 | D:12     | Noticed a centaur warrior
  8503 | D:12     | Noticed a centaur warrior
  8505 | D:12     | Killed a centaur warrior
  8527 | D:12     | Killed a centaur warrior
  8532 | D:12     | Noticed a frost giant
  8544 | D:12     | Killed a frost giant
  8545 | D:12     | Reached skill level 13 in Unarmed Combat
  8560 | D:12     | HP: 3/63 [fire elemental[a deep elf pyromancer] (4)]
  8560 | D:12     | Slain by a fire elemental

Illustrated notes

Levels and vault maps discovered:
D:1:      minmay_arrival_widening_spiral_wide, layout_basic,
          kennysheep_small_spiral
D:2:      layout_rooms, basic_ecumenical_altar, minmay_tromino_v4_c
D:3:      layout_loops_corners, amcnicky_altar_gilded, serial_shops,
          nicolae_shop_crystal, shop, palyth_stone_intersect
D:4:      layout_rooms, roderic_batcave
D:5:      layout_cave_pools, pdpol_temple_overflow_zin_treasury_gozag_greed,
          st_stairs_8, nicolae_shop_overcharged_wands
D:6:      minmay_bubble_buster, layout_layer_cave, dk_noncrumbling_2
D:7:      layout_basic, minmay_temple_entry_large_hall, serial_shops,
          shop_statue, uniq_menkaure
D:8:      layout_basic, nicolae_ru_path_of_blood, nemelex_spade_bored_becter,
          lemuel_old_faithful, uniq_maurice
D:9:      layout_cave_pools, lair_entry_dummy, david_orc_5, uniq_amaemon
D:10:     layout_basic, gammafunk_temple_overflow_wave, minivault_5
D:11:     layout_big_octagon, slow_altar_2
D:12:     hangedman_cross_veins, layout_long_grid, grunt_ministairs_12,
          st_stairs_5, uniq_jorgrun

Skill      XL: |  1  2  3  4  5  6  7  8  9 10 11 12 |
---------------+-------------------------------------+-----
Fighting       | 3 4 5 6 7 |  7.6
Stealth        | 1 2 3 4 5 6 7 9 |  9.8
Armour         | 2 3 4 5 6 7 8 9 |  9.0
Unarmed Combat | 4 6 7 9 10 12 13 | 13.0
Dodging        | 2 |  2.4
Evocations     | |  0.2

Action                   |  1- 3 |  4- 6 |  7- 9 | 10-12 || total
-------------------------+-------+-------+-------+-------++-------
Melee: Unarmed           |    82 |   100 |   289 |   316 ||   787
       Bite              |    14 |    28 |    96 |   114 ||   252
       Punch             |     1 |     5 |    10 |    24 ||    40
Invok: Berserk           |     2 |     3 |     6 |     9 ||    20
       Brothers in Arms  |       |       |       |     1 ||     1
Evoke: Wand              |       |       |       |     3 ||     3
  Use: Scroll            |     5 |     1 |       |    10 ||    16
       Potion            |       |       |       |     1 ||     1
Armor: Animal skin       |     5 |       |       |       ||     5
       Chain mail        |    43 |    78 |     5 |       ||   126
       Plate armour      |       |       |   270 |   274 ||   544
Dodge: Dodged            |    46 |    51 |   128 |   136 ||   361
